Map: Corrosion EC

Players

Yax

  • Race: Protoss Protoss
  • Spawn Location: 11:00

HoldTheDoor - Winner!

  • Race: Protoss Protoss
  • League: Diamond
  • Spawn Location: 5:00

VOD

Have the link to the VOD?

Description

Time

  • Played on: July 14, 2018, 2:53 p.m.
  • Length: 14:15
Show
View Real Time Build Order
Export as new Build Order

Yax Protoss 

Build Orders: Nexus First 

Get SALT Encoding   

  12  0:06  Probe  
  13  0:18  Probe, Pylon  
  14  0:30  Probe  
  14  0:35  Pylon  
  15  0:56  Nexus  
  15  1:00  Probe  
  16  1:10  Probe  
  16  1:12  Gateway  
  17  1:19  Probe  
  18  1:31  Probe, Gateway  
  19  1:41  Assimilator  
  19  1:57  Pylon  
  19  2:09  Assimilator, Probe  
  19  2:10  Probe  
  21  2:21  Probe  
  21  2:22  Cybernetics Core  
  21  2:23  Forge  
  21  2:29  Probe  
  23  2:39  Probe  
  23  2:40  Probe  
  25  2:48  Pylon  
  25  2:51  Probe  
  26  2:52  Probe  
  26  2:56  Stalker  
  26  2:57  Stalker  
  27  3:03  Probe  
  27  3:04  Probe  
  33  3:15  Probe  
  33  3:17  Photon Cannon  
  33  3:19  Probe  
  35  3:26  Stalker  
  35  3:29  Sentry  
  35  3:33  Warp Gate  
  39  3:37  Shield Battery, Probe  
  39  3:39  Probe  
  41  3:47  Pylon  
  41  3:55  Robotics Facility, Probe  
  42  4:03  Stalker  
  44  4:15  Probe x2  
  46  4:17  Assimilator  
  46  4:30  Probe, Pylon  
  46  4:31  Probe  
  48  4:34  Stalker x2  
  52  4:39  Twilight Council  
  52  4:43  Probe x2  
  54  4:49  Observer  
  55  4:55  Pylon  
  55  5:00  Gateway  
  55  5:07  Gateway  
  55  5:11  Stalker x2  
  59  5:15  Immortal  
  59  5:19  Probe x2  
  65  5:25  Assimilator  
  65  5:26  Shield Battery  
  65  5:31  Probe  
  66  5:39  Protoss Ground Weapons Level 1  
  66  5:48  Immortal  
  66  6:00  Blink  
  70  6:06  Shield Battery  
  70  6:15  Pylon  
  70  6:19  Pylon  
  70  6:33  Probe x2, Immortal  
  70  6:35  Pylon  
  76  6:45  Probe x2, Photon Cannon  
  76  6:46  Stalker x3  
  76  6:47  Stalker  
  86  6:52  Pylon  
  86  6:55  Gateway  
  86  6:58  Gateway  
  66  7:17  Stalker x2  
  66  7:18  Stalker x2  
  60  7:37  Stalker x2  
  52  7:52  Stalker x2  
  52  7:58  Stalker x2  
  52  7:59  Stalker  
  58  8:17  Pylon  
  58  8:21  Pylon  
  58  8:22  Pylon  
  58  8:23  Pylon  
  58  8:24  Zealot  
  60  8:53  Shield Battery  
  60  8:55  Photon Cannon  
  60  8:56  Shield Battery  
  60  8:57  Shield Battery, Stalker x3  
  60  8:58  Stalker x3, Pylon, Shield Battery  
  72  9:05  Observer  
  73  9:15  Dark Shrine  
  73  9:23  Photon Cannon  
  73  9:26  Shield Battery  
  73  9:27  Immortal  
  73  9:29  Protoss Ground Weapons Level 2  
  77  9:33  Stalker x3  
  77  9:34  Stalker x3  
  89  9:43  Pylon  
  89  10:04  Stalker x2  
  89  10:05  Stalker x2  
  97  10:07  Sentry  
  99  10:17  Stalker  
  99  10:18  Nexus  
  101  10:29  Dark Templar x3  
  101  10:30  Dark Templar  
  109  10:44  Pylon  
  109  10:46  Pylon  
  109  10:51  Pylon  
  107  11:12  Photon Cannon  
  107  11:15  Photon Cannon x2, Dark Templar x2  
  107  11:17  Dark Templar  
  105  11:31  Archon  
  73  11:54  Stalker  
  73  11:55  Stalker x3  
  69  12:11  Dark Templar  
  50  12:31  Stalker x4  
  50  12:32  Stalker  
  48  12:56  Stalker x3  
  48  12:57  Stalker  
  55  13:13  Photon Cannon  
  55  13:16  Shield Battery  
  55  13:18  Photon Cannon  
  45  14:08  Pylon  
Show
View Real Time Build Order
Export as new Build Order

HoldTheDoor Protoss - Winner!

Build Orders: Oracle Opening 

Get SALT Encoding   

  12  0:01  Probe  
  13  0:13  Probe  
  14  0:18  Pylon  
  14  0:25  Probe  
  15  0:36  Probe  
  15  0:38  Gateway  
  16  0:44  Probe  
  16  0:46  Assimilator  
  17  0:53  Probe  
  17  0:57  Assimilator  
  18  1:05  Probe  
  19  1:18  Probe  
  20  1:28  Cybernetics Core  
  20  1:30  Probe, Pylon  
  21  1:39  Probe, Pylon  
  22  1:47  Probe  
  23  1:56  Probe  
  23  2:00  Stalker  
  27  2:08  Probe  
  27  2:09  Warp Gate  
  27  2:20  Probe  
  28  2:32  Probe  
  29  2:40  Stargate  
  29  2:44  Stalker  
  29  2:47  Probe  
  32  3:00  Probe  
  33  3:11  Nexus  
  33  3:15  Oracle  
  33  3:16  Probe  
  37  3:30  Stalker  
  39  3:37  Pylon  
  39  3:46  Pylon  
  39  3:53  Oracle  
  39  3:55  Probe  
  43  4:21  Void Ray  
  47  4:32  Stargate  
  47  4:36  Probe  
  48  4:40  Probe  
  48  4:44  Assimilator  
  49  4:48  Probe  
  49  4:51  Assimilator  
  49  4:52  Probe  
  51  4:53  Pylon  
  51  4:55  Void Ray  
  51  4:57  Protoss Air Weapons Level 1  
  51  5:00  Shield Battery, Probe  
  51  5:04  Probe  
  57  5:12  Probe  
  58  5:17  Probe  
  59  5:24  Probe  
  60  5:31  Pylon  
  60  5:34  Void Ray x2  
  68  5:50  Stalker  
  70  5:59  Probe x2  
  72  6:11  Probe  
  72  6:13  Pylon  
  72  6:14  Gateway  
  73  6:19  Probe  
  73  6:23  Probe  
  75  6:26  Void Ray  
  75  6:29  Void Ray  
  75  6:31  Probe  
  75  6:32  Pylon  
  84  6:37  Probe  
  85  6:40  Cybernetics Core  
  85  6:43  Probe  
  86  6:49  Probe  
  87  6:55  Probe  
  87  6:57  Nexus  
  87  7:01  Stalker  
  87  7:20  Pylon  
  87  7:22  Pylon  
  72  7:52  Void Ray  
  76  8:06  Void Ray  
  76  8:20  Gateway  
  76  8:21  Stalker  
  76  8:24  Probe x3  
  81  8:27  Assimilator  
  81  8:35  Void Ray  
  81  8:37  Protoss Air Armor Level 1  
  81  8:40  Gateway  
  85  8:55  Fleet Beacon  
  85  8:58  Forge  
  85  9:00  Forge  
  85  9:02  Pylon  
  85  9:03  Void Ray, Probe x2  
  85  9:04  Pylon  
  85  9:06  Gateway  
  85  9:07  Void Ray  
  85  9:08  Gateway  
  85  9:09  Assimilator  
  87  9:10  Stalker x2  
  87  9:11  Pylon  
  95  9:20  Protoss Ground Armor Level 1  
  99  9:30  Pylon, Protoss Ground Weapons Level 1  
  99  9:31  Probe  
  99  9:32  Probe x2  
  99  9:37  Carrier  
  102  9:40  Carrier  
  102  9:43  Graviton Catapult  
  114  9:55  Stalker x4  
  122  10:01  Probe x2, Pylon  
  122  10:06  Pylon  
  124  10:10  Protoss Air Weapons Level 2  
  124  10:19  Zealot  
  124  10:20  Zealot x3  
  132  10:24  Pylon  
  132  10:34  Stalker  
  132  10:35  Stalker  
  135  10:53  Stalker  
  135  10:59  Probe x2  
  135  11:03  Carrier  
  135  11:04  Probe  
  144  11:06  Carrier  
  136  11:20  Photon Cannon  
  136  11:23  Photon Cannon x2  
  125  11:26  Photon Cannon  
  70  12:23  Photon Cannon  
  70  12:24  Probe x2  
  70  12:27  Photon Cannon  
  72  12:30  Photon Cannon  
  72  12:34  Photon Cannon  
  72  12:36  Probe  
  77  13:09  Stalker  
  77  13:10  Stalker x5  
  89  13:39  Zealot x3  
  89  13:40  Zealot x3  
  100  14:07  Robotics Facility  
Tags
 
Add a new tag
Caveats
  • Supply blocks, unpowered buildings, or Contaminate may cause inaccurate times.
  • Supply counts are checked every 10 seconds.